 Dungeon Crawl Stone Soup version 0.31-a0-1529-g7bd419a0e5 (webtiles) character file.

Game seed: 6654740201545196644

336 Curundu the Slasher (level 6, -13/56 HPs)
             Began as a Minotaur Berserker on Jan 1, 2024.
             Was a Priest of Trog.
             Mangled by an orc warrior
             ... wielding a +0 glaive
              (21 damage)
             ... on level 4 of the Dungeon.
             The game lasted 00:08:39 (3451 turns).

Curundu the Slasher (Minotaur Berserker)            Turns: 3451, Time: 00:08:40

Health: -13/56     AC:  6    Str: 24    XL:     6   Next: 28%
Magic:  5/5        EV: 11    Int:  4    God:    Trog [***...]
Gold:   72         SH:  0    Dex:  9    Spells: 5/5 levels left

rFire   . . .        o - +1 club (spect)
rCold   . . .        (no shield)
rNeg    . . .        j - +0 scale mail
rPois   .            b - +0 hat
rElec   .            (no cloak)
rCorr   .            (no gloves)
SInv    .            (no boots)
Will    .....        (no amulet) Stlth
                     (no ring)
HPRegen 0.29/turn    (no ring)
MPRegen 0.09/turn

%: no passive effects
@: no status effects
A: horns 2, retaliatory headbutt
a: Renounce Religion, Berserk, Trog's Hand


You were on level 4 of the Dungeon.
You worshipped Trog.
Trog was most pleased with you.
You visited 1 branch of the dungeon, and saw 4 of its levels.

You collected 72 gold pieces.

Inventory:

Hand Weapons
 a - a +0 falchion
 o - a +1 spectral club (weapon)
Missiles
 u - 6 poisoned darts
Armour
 b - a +0 hat (worn)
 j - a +0 scale mail (worn)
Scrolls
 c - 2 scrolls of vulnerability {unknown}
 e - 2 scrolls of identify {unknown}
 h - 3 scrolls of teleportation {unknown}
 i - a scroll of noise {unknown}
 k - a scroll of amnesia {unknown}
 l - 2 scrolls of poison {unknown}
 n - a scroll of torment {unknown}
 p - 2 scrolls of enchant weapon {unknown}
 r - a scroll of fog {unknown}
 s - a scroll of immolation {unknown}
Potions
 d - a potion of ambrosia
 f - a potion of brilliance {unknown}
 g - a potion of haste {unknown}
 m - a potion of enlightenment {unknown}
 q - 4 potions of curing {unknown}
 t - a potion of mutation {unknown}


   Skills:
 + Level 5.3 Fighting
 + Level 5.6 Long Blades
 + Level 1.3 Maces & Flails
 + Level 3.5 Armour
 + Level 4.1 Dodging
 + Level 0.2 Stealth


You had 5 spell levels left.
You didn't know any spells.
Your spell library was empty.

Dungeon Overview and Level Annotations

Branches:
Dungeon (4/15)
 Temple: D:4-7

Altars:


Innate Abilities, Weirdness & Mutations

You have a pair of horns on your head.
You reflexively headbutt those who attack you in melee.


Message History

The orc barely misses you. You furiously retaliate!
You headbutt the orc!
You kill the orc!
Trog accepts your kill.
The orc warrior hits you from afar with a +0 glaive!
* * * LOW HITPOINT WARNING * * *
You hit the orc but do no damage. The orc hits you with a +0 whip.
* * * LOW HITPOINT WARNING * * *
The orc warrior closely misses you.
It was a potion of ambrosia.
You are confused.
You feel invigorated. The orc closely misses you.
The orc warrior hits you from afar with a +0 glaive!
* * * LOW HITPOINT WARNING * * *
You bump into the rock wall.
The orc hits you with a +0 whip.
* * * LOW HITPOINT WARNING * * *
The orc warrior completely misses you.
You bump into the rock wall.
The orc closely misses you. The orc warrior barely misses you.
You bump into the rock wall.
The orc closely misses you.
The orc warrior hits you from afar with a +0 glaive.
* * * LOW HITPOINT WARNING * * *
You miss the orc. Your headbutt misses the orc.
The orc hits you with a +0 whip.
* * * LOW HITPOINT WARNING * * *
The orc warrior barely misses you.
You hit the orc.
The orc is heavily wounded.
You feel less invigorated.
You feel less confused. The orc barely misses you.
The orc warrior hits you from afar with a +0 glaive.
* * * LOW HITPOINT WARNING * * *
You closely miss the orc. You headbutt the orc.
The orc is almost dead.
The orc hits you with a +0 whip.
* * * LOW HITPOINT WARNING * * *
The orc warrior barely misses you. The orc hits you with a +0 whip.
* * * LOW HITPOINT WARNING * * *
The orc warrior hits you from afar with a +0 glaive!!
You die...

#..##.# #..##.#
#.....# #####.#..#
......>..######
.#######......# .#
#.......##.####
.###.##..#.##....#
.<...#...#.#####@#
.........#.. ##o#
####.#...#### #.o#
#.#...#../......#
# #...#.#..#.##.#
#.... .# #..$. #
...#. ......


You could see an orc warrior and an orc.

Vanquished Creatures
  An ogre (D:4)
  Natasha (thrice) (D:2)
  Robin (D:3)
  A gnoll (D:1)
  6 adders
  A river rat (D:3)
  4 orcs
  5 bats
  5 endoplasms
  4 giant cockroaches
  13 goblins
  7 hobgoblins
  7 jackals
  8 quokkas
  3 ball pythons
  5 frilled lizards
  4 kobolds
  7 rats
85 creatures vanquished.

Notes
Turn   | Place    | Note
-------+----------+-------------------------------------------
     0 | D:1      | Curundu the Minotaur Berserker began the quest for the Orb.
     0 | D:1      | Reached XP level 1. HP: 19/19 MP: 0/0
   263 | D:1      | Reached XP level 2. HP: 27/27 MP: 1/1
   846 | D:1      | Reached ** piety under Trog
   847 | D:1      | Reached XP level 3. HP: 25/34 MP: 2/2
  1122 | D:2      | Noticed Natasha
  1131 | D:2      | Killed Natasha
  1284 | D:2      | Noticed Natasha
  1296 | D:2      | Killed Natasha
  1297 | D:2      | Reached skill level 5 in Long Blades
  1297 | D:2      | Reached XP level 4. HP: 5/41 MP: 3/3
  1328 | D:2      | Noticed Natasha
  1341 | D:2      | Killed Natasha
  1900 | D:2      | Reached XP level 5. HP: 45/47 MP: 4/4
  2293 | D:3      | Reached skill level 5 in Fighting
  2375 | D:3      | Noticed Robin
  2420 | D:3      | Killed Robin
  2587 | D:3      | Reached *** piety under Trog
  2693 | D:3      | Found a glowing drain.
  3233 | D:4      | Noticed an ogre
  3248 | D:4      | Killed an ogre
  3249 | D:4      | Reached skill level 1 in Maces & Flails
  3249 | D:4      | Reached XP level 6. HP: 45/56 MP: 5/5
  3432 | D:4      | Noticed an orc warrior
  3451 | D:4      | Mangled by an orc warrior

Illustrated notes

Levels and vault maps discovered:
D:1:      dpeg_arrival_boxes_within_box, layout_loops_corners
D:2:      layout_basic, uniq_natasha
D:3:      layout_rooms, portal_sewer_entry_b, st_stairs_12, uniq_robin
D:4:      layout_basic

Skill      XL: |  1  2  3  4  5 |
---------------+----------------+-----
Long Blades    | 4 5 |  5.6
Fighting       | 4 5 |  5.3
Dodging        | 3 4 |  4.1
Maces & Flails | 1 |  1.3
Armour         | 3 |  3.5
Stealth        | |  0.2

Action                     |  1- 3 |  4- 6 || total
---------------------------+-------+-------++-------
  Melee: Falchion          |    64 |    95 ||   159
         Headbutt          |     9 |    20 ||    29
         Punch             |     1 |     2 ||     3
         Club              |       |    61 ||    61
 Invoke: Trog's Hand       |     1 |       ||     1
    Use: Potion            |       |     1 ||     1
   Stab: Distracted        |       |     1 ||     1
 Armour: Animal skin       |    46 |    11 ||    57
         Scale mail        |       |   113 ||   113
  Dodge: Dodged            |    44 |   109 ||   153

Table legend: (Time is in decaauts)
 A = Elapsed time spent in this place.
 B = Non-inter-level travel time spent in this place.
 C = Inter-level travel time spent in this place.
 D = Time resting spent in this place.
 E = Time spent auto-exploring this place.
 F = Levels seen in this place.
 G = Mean time per level.
                   A        B        C        D        E       F      G
               +--------+--------+--------+--------+--------+-----+--------+
         Total |   3497 |   3497 |      0 |    295 |   2345 |   4 |  874.2 |
       Dungeon |   3497 |   3497 |      0 |    295 |   2345 |   4 |  874.2 |
               +--------+--------+--------+--------+--------+-----+--------+

Top non-repeatable levels by time:
     D:2: 1207 daAuts
     D:1: 1096 daAuts
     D:3: 952 daAuts
     D:4: 240 daAuts
